 Dungeon Crawl Stone Soup version 0.22-a0-445-g8c8ef71 (webtiles) character file.

7 suvakkihuora the Chopper (level 2, -1/23 HPs)
             Began as a Formicid Gladiator on June 2, 2018.
             Slain by a jackal (2 damage)
             ... on level 2 of the Dungeon.
             The game lasted 00:00:36 (130 turns).

suvakkihuora the Chopper (Formicid Gladiator)        Turns: 130, Time: 00:00:37

Health: -1/23      AC:  3    Str: 18    XL:     2   Next: 10%
Magic:  2/2        EV: 12    Int:  7    God:
Gold:   10         SH:  0    Dex: 12    Spells: 1/1 levels left

rFire    . . .     SeeInvis +   a - +0 war axe
rCold    . . .     Gourm    .   (no shield)
rNeg     . . .     Faith    .   b - +0 leather armour
rPois    .         Spirit   .   (helmet unavailable)
rElec    .         Reflect  .   (no cloak)
rCorr    .         Harm     .   (no gloves)
MR       .....                  (no boots)
Stlth    +.........             (no amulet)
HPRegen  0.07/turn              (no ring)
MPRegen  0.08/turn              (no ring)

@: no status effects
A: permanent stasis, dig shafts and tunnels, four strong arms, antennae 3
a: Dig, Shaft Self


You were on level 2 of the Dungeon.
You were not hungry.

You visited 1 branch of the dungeon, and saw 2 of its levels.

You collected 10 gold pieces.

Inventory:

Hand Weapons
 a - a +0 war axe (weapon)
Missiles
 c - 2 throwing nets (quivered)
Armour
 b - a +0 leather armour (worn)
Scrolls
 e - a scroll of enchant armour {unknown}
Potions
 f - a potion of curing {unknown}
Comestibles
 d - 2 rations


   Skills:
 * Level 2.8 Fighting
 + Level 3.1 Axes
 - Level 2.0 Throwing
 - Level 2.6 Dodging


You had one spell level left.
You didn't know any spells.
Your spell library was empty.

Dungeon Overview and Level Annotations

Branches:
Dungeon (1/15)

Altars:


Innate Abilities, Weirdness & Mutations

You cannot be hasted, slowed, berserked, paralysed or teleported.
You can dig through walls and to a lower floor.
Your four strong arms can wield two-handed weapons with a shield.
You have a pair of large antennae on your head. (SInv)


Message History

You barely miss the iguana.
The iguana is heavily wounded.
Your leather armour prevents you from hitting the bat.
The bat barely misses you. The bat misses you. The iguana barely misses you.
The iguana misses you.
You hit the iguana.
The iguana is severely wounded.
You barely miss the bat. The bat hits you but does no damage.
The bat barely misses you. The iguana bites you!
* * * LOW HITPOINT WARNING * * *
The bat closely misses you.
You hit the iguana but do no damage.
The iguana is severely wounded.
You completely miss the jackal. You closely miss the bat.
The bat closely misses you. The bat hits you but does no damage.
The jackal misses you. The iguana bites you.
* * * LOW HITPOINT WARNING * * *
A jackal comes into view.
The jackal bites you.
You die...

## #. #h ## # #.
..# . ### #.#.
##.##.#
....#.#.#.......
#.....#........
#...?.l@.......
.......h........
#.###.#..###....
...#..# ### ###
#..# ...# ##.#
..#


You could see an iguana and 2 jackals.

Vanquished Creatures
  A bat (D:1)
  A goblin (D:1)
  A hobgoblin (D:2)
  2 kobolds (D:1)
  A rat (D:1)
6 creatures vanquished.

Notes
Turn   | Place    | Note
-------+----------+-------------------------------------------
     0 | D:1      | suvakkihuora the Formicid Gladiator began the quest for the Orb.
     0 | D:1      | Reached XP level 1. HP: 16/16 MP: 1/1
   116 | D:1      | Reached XP level 2. HP: 20/23 MP: 2/2
   119 | D:1      | You fall through a shaft!
   130 | D:2      | HP: 1/23 [iguana (5)]
   130 | D:2      | Slain by a jackal

Vault maps used:
D:1:      eino_arrival_water_star, minmay_split_cup_small
D:2:      gammafunk_temple_overflow_pools

Action                   || total
-------------------------++-------
Melee: War axe           ||    17
Throw: Throwing net      ||     1
 Abil: Shaft Self        ||     1
Armor: Leather armour    ||     8
Dodge: Dodged            ||    19

Table legend:
 A = Spawn XP
 B = Non-spawn XP
 C = Spawn XP percentage of total XP
 D = Spawn monster count
 E = Non-spawn monster count
 F = Spawn count percentage of total count
 G = Total turns spent on level
                    A         B        C        D         E        F      G
               +---------+---------+-------+---------+---------+-------+---------
         Total |       0 |      11 |   0.0 |       0 |       6 |   0.0 |   130
               +---------+---------+-------+---------+---------+-------+---------
           D:1 |       0 |       9 |   0.0 |       0 |       5 |   0.0 |   119
           D:2 |       0 |       2 |   0.0 |       0 |       1 |   0.0 |    11
               +---------+---------+-------+---------+---------+-------+---------
